 Dungeon Crawl Stone Soup version 0.19.1-1-g22dce08 (webtiles) character file.

896 Kiturien the Sneak (level 8, -3/54 HPs)
             Began as an Octopode Fighter on Jan 18, 2017.
             Slain by a sky beast (6 damage)
             ... on level 5 of the Dungeon.
             The game lasted 00:25:30 (4167 turns).

Kiturien the Sneak (Octopode Fighter)               Turns: 4167, Time: 00:25:31

Health: -3/54      AC:  1    Str: 15    XL:     8   Next: 7%
Magic:  8/8        EV: 13    Int: 10    God:
Gold:   314        SH: 11    Dex: 14    Spells: 0 memorised, 7 levels left

rFire  . . .     SeeInvis .     a - +2 rapier
rCold  . . .     Gourm    .     b - +2 shield
rNeg   . . .     Faith    .     (helmet restricted)
rPois  +         Spirit   .     e - amulet of magic regeneration
rElec  .         Reflect  .     s - ring of poison resistance
rCorr  .         Harm     .     (no ring)
MR     .....                    (no ring)
Stlth  ++++......               (no ring)
                                (no ring)
                                (no ring)
                                (no ring)
                                (no ring)

@: about to teleport
A: almost no armour, stealthy swim, amphibious, 8 rings, constrict 8, camouflage
1, gelatinous body 1
a: no special abilities


You were on level 5 of the Dungeon.
You were not hungry.

You visited 1 branch of the dungeon, and saw 5 of its levels.
You also visited: Ossuary.

You collected 314 gold pieces.

Inventory:

Hand Weapons
 a - a +2 rapier (weapon)
 v - a +0 short sword of flaming
Armour
 b - a +2 shield (worn)
 w - a +0 buckler
Jewellery
 e - an amulet of magic regeneration (around mantle)
 s - a ring of poison resistance (left tentacle)
Wands
 l - a wand of confusion (27/48)
 u - a wand of lightning (11/15)
Scrolls
 f - 3 scrolls of fear
 g - 9 scrolls of remove curse
 h - a scroll of teleportation
 k - a scroll of magic mapping
 o - 2 scrolls of noise
 q - 2 scrolls of recharging
 x - a scroll of identify
 y - a scroll of blinking
 A - 2 scrolls of immolation
Potions
 c - 2 potions of might
 i - a potion of brilliance
 n - a potion of resistance
 r - a potion of agility
 t - a potion of cure mutation
 z - a potion of haste
 C - a potion of ambrosia
Comestibles
 d - 3 bread rations
 j - 2 fruits


   Skills:
 + Level 4.3 Fighting
 + Level 5.3 Short Blades
 + Level 4.5 Dodging
 + Level 5.7 Stealth
 + Level 4.7 Shields


You had 7 spell levels left.
You didn't know any spells.

Dungeon Overview and Level Annotations

Branches:
Dungeon (5/15)
 Temple: D:4-7

Altars:
Fedhas
Okawaru

Annotations:
D:5 Kiturien's ghost, novice OpFi


Innate Abilities, Weirdness & Mutations

You cannot wear most types of armour.
You are very stealthy in the water. (Stealth+)
You are amphibious.
You can wear up to eight rings at the same time.
You can use your tentacles to constrict eight enemies at once.
Your skin changes colour to match your surroundings (Stealth+).
Your rubbery body absorbs attacks. (AC +1, EV +1)


Message History

An ooze comes into view.
The ooze quivers.
You hit something. You hit something. Something hits you. Something shocks you.
You hit something. Something hits you. Something shocks you.
You closely miss something. You block something's attack.
You closely miss something. Something hits you. Something shocks you.
* * * LOW HITPOINT WARNING * * *
You closely miss something. Your squeeze misses something.
A sky beast appears from thin air!
Reactivating autopickup.
The sky beast hits you.
* * * LOW HITPOINT WARNING * * *
The sky beast shocks you.
* * * LOW HITPOINT WARNING * * *
As you read the scroll of teleportation, it crumbles to dust.
You feel strangely unstable. The sky beast hits you.
* * * LOW HITPOINT WARNING * * *
The sky beast shocks you.
You die...

#.# #.##.#
######.######.##.#
.................#
.###.#........##.#
..##...#########.#
...##### #.#
...... #.# ...###
#.# ..## #@# .##
#Y# ... #J# ####
#.# ..# #.# ..#
###


You could see a sky beast and an ooze.

Vanquished Creatures
  Sigmund (D:2)
  The ghost of Kiturien the Shield-Bearer, an amateur OpFi (D:3)
  Menkaure (Ossuary)
  A centaur (D:5)
  A scorpion (D:4)
  A howler monkey (D:5)
  A crimson imp (D:5)
  2 orc priests (D:4)
  2 hounds
  A bullfrog skeleton (D:4)
  A worker ant (D:5)
  3 mummies (Ossuary)
  5 adders
  A gnoll (D:2)
  A worm (D:4)
  11 orcs
  9 bats
  5 giant cockroaches
  7 goblins
  7 hobgoblins
  3 jackals (D:5)
  2 quokkas
  A ball python (D:3)
  5 frilled lizards
  3 gnoll skeletons (Ossuary)
  2 gnoll zombies (Ossuary)
  5 goblin skeletons (Ossuary)
  A goblin zombie (Ossuary)
  4 hobgoblin skeletons (Ossuary)
  2 hobgoblin zombies (Ossuary)
  8 kobolds
  2 kobold skeletons (Ossuary)
  2 kobold zombies (Ossuary)
  An orc skeleton (Ossuary)
  7 orc zombies (Ossuary)
  10 rats
  4 rat skeletons (Ossuary)
  6 rat zombies (Ossuary)
130 creatures vanquished.

Vanquished Creatures (others)
  2 gnoll zombies (Ossuary)
  A goblin skeleton (Ossuary)
  A goblin zombie (Ossuary)
  A hobgoblin skeleton (Ossuary)
  A kobold skeleton (Ossuary)
  2 orc skeletons (Ossuary)
  An orc zombie (Ossuary)
  A rat skeleton (Ossuary)
  A rat zombie (Ossuary)
11 creatures vanquished.

Grand Total: 141 creatures vanquished

Notes
Turn   | Place    | Note
-------+----------+-------------------------------------------
     0 | D:1      | Kiturien the Octopode Fighter began the quest for the Orb.
     0 | D:1      | Reached XP level 1. HP: 16/16 MP: 1/1
   105 | D:1      | Reached XP level 2. HP: 20/21 MP: 2/2
   616 | D:2      | Noticed Sigmund
   627 | D:2      | Killed Sigmund
   627 | D:2      | Reached XP level 3. HP: 21/27 MP: 3/3
   627 | D:2      | Reached XP level 4. HP: 26/33 MP: 4/4
   627 | D:2      | Reached XP level 5. HP: 30/37 MP: 5/5
   847 | D:2      | Found a blossoming altar of Fedhas.
  1173 | D:3      | Found an iron altar of Okawaru.
  1185 | D:3      | Reached XP level 6. HP: 30/43 MP: 6/6
  1407 | D:3      | Noticed Kiturien's ghost (amateur OpFi)
  1419 | D:3      | Killed Kiturien's ghost
  2191 | D:4      | Reached XP level 7. HP: 42/48 MP: 7/7
  2813 | D:5      | Entered Level 5 of the Dungeon
  2824 | D:5      | HP: 2/48 [centaur/uncursed spear (9)]
  2830 | D:5      | Reached skill level 5 in Stealth
  2838 | D:5      | Reached skill level 5 in Short Blades
  2840 | D:5      | HP: 2/48 [orc/trident (7)]
  3236 | D:5      | Noticed Kiturien's ghost (novice OpFi)
  3502 | D:5      | Found a sand-covered staircase.
  3509 | Ossuary  | Entered an ossuary
  3839 | Ossuary  | Noticed Menkaure
  3845 | Ossuary  | Killed Menkaure
  3845 | Ossuary  | Reached XP level 8. HP: 54/54 MP: 8/8
  4167 | D:5      | Slain by a sky beast

Skill      XL: |  1  2  3  4  5  6  7 |
---------------+----------------------+-----
Short Blades   | 3 5 |  5.3
Stealth        | 2 4 5 |  5.7
Shields        | 4 |  4.7
Dodging        | 4 |  4.5
Fighting       | 4 |  4.3

Action                   |  1- 3 |  4- 6 |  7- 9 || total
-------------------------+-------+-------+-------++-------
Melee: Rapier            |    40 |    94 |   121 ||   255
       Constrict         |     8 |    28 |    31 ||    67
       Tentacles         |     4 |    26 |    28 ||    58
  Use: Scroll            |     3 |     7 |    16 ||    26
       Potion            |       |       |     2 ||     2
 Stab: Sleeping          |     3 |    11 |    11 ||    25
  Eat: Bread ration      |       |     1 |     2 ||     3
Armor: Skin              |     8 |     6 |     3 ||    17
Dodge: Dodged            |    22 |    49 |    48 ||   119
Block: Shield            |    14 |    49 |    43 ||   106
